Map: Lerilak Crest

Players

Lambo

  • Race: Zerg Zerg
  • League: Grandmaster

Basior - Winner!

  • Race: Terran Terran
  • League: Master

Event: DreamHack ZOWIE Open Leipzig

VOD

Have the link to the VOD?

Description

Time

  • Played on: Jan. 22, 2016, 8:57 a.m.
  • Length: 10:41

All games in this series

Show
View Real Time Build Order
Export as new Build Order

Lambo Zerg 

Build Orders: Hatch First, Zergling Roach Ravager 

Get SALT Encoding   

  12  0:00  Drone  
  13  0:12  Overlord  
  13  0:17  Drone  
  14  0:30  Drone x2  
  14  0:34  Drone  
  17  0:52  Hatchery  
  17  0:55  Drone  
  17  0:57  Drone  
  18  1:08  Extractor  
  17  1:13  Spawning Pool  
  17  1:15  Drone  
  17  1:19  Drone  
  18  1:27  Drone  
  19  1:41  Overlord  
  19  2:00  Queen, Zergling x2  
  19  2:01  Zergling x2  
  23  2:04  Drone, Queen  
  26  2:09  Metabolic Boost  
  26  2:13  Drone  
  27  2:17  Drone  
  27  2:22  Drone  
  29  2:28  Drone  
  30  2:35  Hatchery  
  29  2:39  Drone  
  29  2:40  Drone  
  31  2:46  Queen  
  31  2:51  Overlord  
  33  3:01  Drone x3  
  36  3:12  Overlord  
  35  3:13  Drone x3  
  35  3:14  Zergling x2  
  35  3:19  Zergling x2  
  39  3:26  Queen  
  40  3:33  Overlord  
  42  3:35  Drone  
  43  3:41  Zergling x6  
  43  3:42  Drone  
  43  3:43  Drone  
  43  3:46  Drone  
  49  3:50  Drone  
  49  3:55  Drone x2  
  49  3:56  Roach Warren, Extractor  
  49  3:57  Extractor  
  49  3:59  Evolution Chamber  
  49  4:01  Drone x3  
  49  4:06  Drone x2  
  51  4:10  Drone x2  
  51  4:11  Drone  
  54  4:21  Zergling x6  
  54  4:23  Drone, Queen  
  59  4:35  Zerg Missile Weapons Level 1  
  59  4:39  Overlord  
  59  4:46  Drone x6, Overlord  
  65  4:56  Roach  
  65  4:57  Overlord x2  
  65  5:00  Lair  
  65  5:01  Queen  
  65  5:05  Overlord  
  68  5:07  Roach  
  68  5:10  Roach  
  68  5:11  Extractor  
  69  5:15  Roach x2  
  69  5:19  Roach x2  
  76  5:26  Roach x3  
  82  5:33  Roach x4  
  86  5:43  Roach  
  86  5:44  Roach x3  
  94  5:51  Roach x2  
  97  5:57  Overlord  
  97  5:59  Glial Reconstitution  
  97  6:01  Overlord  
  97  6:13  Overlord  
  97  6:18  Roach x4  
  97  6:19  Roach  
  105  6:29  Roach  
  105  6:30  Roach x3  
  111  6:34  Queen  
  111  6:36  Roach  
  111  6:37  Roach x3  
  114  6:48  Roach x3  
  120  6:54  Roach  
  122  7:04  Overlord x3  
  122  7:06  Overseer  
  122  7:16  Overlord x2  
  122  7:23  Roach  
  122  7:24  Roach x6  
  122  7:25  Ravager x2  
  122  7:28  Overlord  
  138  7:33  Overlord  
  140  7:37  Ravager x3  
  140  7:40  Roach  
  143  7:48  Roach x3  
  149  7:53  Roach  
  149  7:54  Roach x2  
  155  7:58  Roach  
  155  8:03  Roach x2  
  159  8:06  Roach  
  111  8:27  Roach x3  
  111  8:29  Roach  
  111  8:30  Roach x4  
  117  8:35  Roach x2  
  117  8:41  Roach x2  
  125  8:42  Queen  
  125  8:44  Extractor  
  125  8:45  Roach  
  125  8:46  Roach  
  126  8:49  Extractor  
  126  8:50  Roach x2  
  126  8:53  Roach  
  131  8:58  Drone  
  132  9:05  Roach  
  132  9:06  Roach x4  
  142  9:13  Overlord x2  
  142  9:19  Roach x2  
  146  9:29  Ravager  
  146  9:30  Ravager  
  146  9:32  Roach x2  
  150  9:41  Roach x5  
  150  9:44  Roach  
  162  9:48  Overlord  
  162  9:49  Ravager  
  163  9:56  Roach x2  
  167  10:02  Ravager x3  
  170  10:11  Roach  
  170  10:12  Roach x3  
  170  10:13  Overlord  
Show
View Real Time Build Order
Export as new Build Order

Basior Terran - Winner!

Build Orders: MMM Bio, Mass Reaper 

Get SALT Encoding   

  12  0:00  SCV  
  13  0:12  SCV  
  14  0:17  Supply Depot  
  14  0:25  SCV  
  15  0:38  SCV  
  15  0:40  Barracks  
  16  0:44  Refinery  
  16  0:51  SCV  
  17  1:03  SCV  
  18  1:15  SCV  
  19  1:27  Orbital Command  
  19  1:28  Barracks Reactor  
  19  1:39  Command Center  
  19  1:45  Refinery  
  19  1:52  SCV  
  20  1:57  Supply Depot  
  20  2:04  Reaper x2  
  20  2:06  SCV  
  23  2:17  Barracks  
  23  2:19  SCV  
  24  2:29  Barracks  
  24  2:33  SCV  
  24  2:36  Reaper  
  26  2:37  Reaper  
  27  2:46  SCV  
  28  2:51  Orbital Command  
  28  2:58  SCV  
  29  3:07  Reaper  
  29  3:08  Reaper  
  31  3:14  SCV  
  31  3:18  SCV  
  33  3:25  Reaper x2  
  33  3:26  SCV  
  36  3:33  SCV  
  37  3:35  Supply Depot  
  37  3:39  SCV  
  37  3:40  Factory  
  38  3:46  SCV  
  38  3:48  Barracks Reactor  
  39  3:54  SCV  
  40  3:58  SCV  
  41  4:04  Barracks Reactor  
  41  4:06  SCV  
  42  4:12  Command Center, Supply Depot, SCV  
  43  4:18  SCV  
  43  4:22  Marine x2  
  46  4:31  Marine x2  
  46  4:33  Factory Reactor  
  46  4:34  SCV x2  
  46  4:36  Starport  
  50  4:40  Engineering Bay  
  50  4:42  Engineering Bay  
  50  4:46  SCV  
  50  4:52  Marine x2  
  53  4:53  Marine  
  53  4:57  Marine  
  53  4:58  Marine  
  56  5:03  SCV  
  56  5:05  SCV  
  59  5:08  Terran Infantry Weapons Level 1, Terran Infantry Armor Level 1  
  59  5:09  Supply Depot  
  59  5:10  Marine  
  59  5:11  Supply Depot  
  59  5:12  Refinery, Marine  
  61  5:16  SCV  
  61  5:17  SCV  
  61  5:20  Barracks Tech Lab  
  61  5:26  Orbital Command, Marine x2  
  61  5:28  SCV  
  64  5:29  SCV  
  64  5:30  Refinery  
  64  5:32  Marine x2  
  64  5:35  Medivac x2  
  71  5:40  SCV  
  71  5:41  SCV  
  72  5:44  Marine x2  
  72  5:47  Stimpack, Marine  
  72  5:48  Orbital Command  
  75  5:50  Barracks  
  75  5:53  SCV  
  75  5:54  Barracks  
  75  5:55  SCV  
  77  6:00  Marine x2  
  77  6:01  Factory Tech Lab  
  77  6:02  Marine x2  
  81  6:05  Marine  
  81  6:18  Marine x2  
  81  6:19  Marine  
  81  6:20  Marine  
  81  6:22  Marine  
  86  6:26  Siege Tank  
  86  6:30  Supply Depot  
  86  6:31  Supply Depot  
  89  6:36  Marine x2  
  89  6:37  Marine  
  93  6:40  Marine  
  93  6:41  Supply Depot  
  93  6:44  Marine  
  93  6:45  SCV  
  93  6:46  Armory  
  92  6:47  SCV  
  92  6:48  SCV  
  92  6:54  Marine x2  
  94  6:55  Marine x3  
  94  6:57  SCV, Marine  
  94  6:58  Marine  
  94  6:59  SCV  
  94  7:00  SCV  
  103  7:02  Marine  
  104  7:09  SCV  
  104  7:11  SCV, Marine x2  
  104  7:12  Factory, Marine  
  104  7:13  SCV, Medivac, Marine  
  113  7:17  Marine x3  
  113  7:20  Marine  
  113  7:21  SCV  
  113  7:22  Siege Tank  
  119  7:23  SCV  
  119  7:29  Marine  
  121  7:31  Marine x3  
  121  7:33  SCV  
  121  7:36  SCV  
  125  7:38  Refinery, Marine  
  125  7:39  Supply Depot, Marine  
  124  7:47  Combat Shields  
  124  7:48  Marine  
  125  7:52  Supply Depot  
  125  7:54  Marine  
  125  8:08  Marauder, Medivac, Marine x4  
  133  8:16  Marine  
  133  8:18  Marine x2  
  133  8:19  Siege Tank  
  128  8:26  Marine x4  
  104  8:29  Marine  
  104  8:30  Factory Tech Lab  
  104  8:32  SCV x2  
  104  8:33  SCV  
  102  8:34  Marine, Medivac  
  102  8:35  Marine x2  
  102  8:38  Medivac  
  109  8:43  Marine x4  
  109  8:44  SCV x2  
  109  8:47  Marine  
  116  8:51  Siege Tank x2  
  116  8:52  Marine  
  116  8:53  Marine x2  
  125  9:00  SCV x2  
  125  9:01  Supply Depot x2, Marine x4  
  131  9:03  Supply Depot  
  131  9:05  Marine  
  131  9:09  SCV  
  133  9:11  Supply Depot  
  133  9:22  SCV, Marine x7  
  133  9:23  Siege Tank, Marine  
  145  9:25  Siege Tank  
  146  9:31  Engineering Bay  
  146  9:40  Engineering Bay, Marine x8  
  146  9:44  SCV, Refinery  
  155  9:58  Marine x8  
  161  10:06  Supply Depot  
  161  10:08  Supply Depot  
  161  10:16  Marine x4  

Tags
 
Add a new tag
Caveats
  • Supply blocks, unpowered buildings, or Contaminate may cause inaccurate times.
  • Supply counts are checked every 10 seconds.